 Dungeon Crawl Stone Soup version 0.30-a0-691-g754fce4c43 (webtiles) character file.

Game seed: 5861479182941874795

383 lessens the Poker (level 6, -6/51 HPs)
             Began as a Draconian Monk on Jan 19, 2023.
             Was a Believer of Trog.
             Mangled by an iguana (12 damage)
             ... on level 4 of the Dungeon.
             The game lasted 00:05:02 (3592 turns).

lessens the Poker (Draconian Monk)                  Turns: 3592, Time: 00:05:02

Health: -6/51      AC:  7    Str: 15    XL:     6   Next: 47%
Magic:  6/6        EV: 12    Int: 11    God:    Trog [**....]
Gold:   211        SH:  0    Dex: 13    Spells: 5/5 levels left

rFire   . . .      SeeInvis .    a - +0 spear
rCold   . . .      Faith    .    (no shield)
rNeg    . . .      Spirit   .    (body armour unavailable)
rPois   .          Reflect  .    (helmet restricted)
rElec   .          Harm     .    (no cloak)
rCorr   .          Rampage  .    m - +0 pair of gloves
Will    .....                    (no boots)
Stlth   ++                       (no amulet)
HPRegen 0.28/turn                (no ring)
MPRegen 0.10/turn                (no ring)

@: no status effects
A: AC +6, unfitting armour, cold-blooded
a: Renounce Religion, Berserk, Trog's Hand


You were on level 4 of the Dungeon.
You worshipped Trog.
Trog was pleased with you.
You visited 1 branch of the dungeon, and saw 5 of its levels.

You collected 211 gold pieces.

Inventory:

Hand Weapons
 a - a +0 spear (weapon)
Missiles
 c - 83 stones
 r - 12 boomerangs
 s - 2 throwing nets
 y - 5 javelins (quivered)
Armour
 g - a scarf of resistance
 m - a +0 pair of gloves (worn)
Jewellery
 t - a ring of fire
 v - a +6 ring of strength
Scrolls
 e - a scroll of acquirement {unknown}
 f - 3 scrolls of teleportation {unknown}
 h - 2 scrolls of noise {unknown}
 j - 3 scrolls of poison {unknown}
 l - 6 scrolls of identify {unknown}
 n - 2 scrolls of fog {unknown}
 o - a scroll of fear {unknown}
 u - a scroll of enchant armour {unknown}
 w - a scroll of enchant weapon {unknown}
 x - 2 scrolls of magic mapping {unknown}
 A - 2 scrolls of summoning {unknown}
 B - a scroll of brand weapon {unknown}
Potions
 b - a potion of ambrosia
 d - 4 potions of flight {unknown}
 i - a potion of heal wounds {unknown}
 k - a potion of curing {unknown}
 p - a potion of berserk rage {unknown}
 q - a potion of degeneration {unknown}
 z - a potion of invisibility {unknown}
 C - 2 potions of brilliance {unknown}
 D - a potion of might {unknown}


   Skills:
 - Level 3.2 Fighting
 + Level 7.4 Polearms
 - Level 2.6 Dodging
 - Level 1.7 Stealth


You had 5 spell levels left.
You didn't know any spells.
Your spell library was empty.

Dungeon Overview and Level Annotations

Branches:
Dungeon (5/15) Zot: 26473
 Temple: D:4-7

Altars:
Fedhas
Hepliaklqana
Nemelex Xobeh
Trog
Yredelemnul
Zin

Annotations:
D:4 1 exclusion, Sigmund


Innate Abilities, Weirdness & Mutations

Your plain brown scales are hard. (AC +6)
You cannot fit into any form of body armour.
You are cold-blooded and may be slowed by cold attacks.


Message History

The iguana attacks as you move away!
The iguana bites you but does no damage.
The iguana hisses menacingly.
You see here a +3 ring mail.
You closely miss the iguana.
The iguana is moderately wounded.
The iguana closely misses you.
You hit the iguana but do no damage.
The iguana is moderately wounded.
The iguana closely misses you.
You hit the iguana but do no damage.
Your tail-slap misses the iguana.
The iguana is moderately wounded.
You barely miss the iguana.
The iguana is moderately wounded.
The iguana bites you but does no damage.
You barely miss the iguana.
The iguana is moderately wounded.
The iguana bites you.
You hit the iguana.
The iguana is severely wounded.
You hit the iguana but do no damage.
The iguana is severely wounded.
The iguana bites you!
* * * LOW HITPOINT WARNING * * *
You closely miss the iguana.
The iguana is severely wounded.
The iguana barely misses you.
You closely miss the iguana.
Your tail-slap misses the iguana.
The iguana is severely wounded.
The iguana closely misses you.
You barely miss the iguana. You punch the iguana.
The iguana is severely wounded.
You hit the iguana.
The iguana is almost dead.
The iguana bites you!
* * * LOW HITPOINT WARNING * * *
You closely miss the iguana.
The iguana is almost dead.
The iguana bites you!
You die...

.......................##..######
....................#....>.......
...........####+#.#.##.##.#######
...........##....##.##.##..######
...........#'....................
.........###'....##..............
##.##............##.######.###.##
#.#............l##.######.###.##
##.#............@##.##...........
..............#...#.##.###.###.##
.............####.#.##.###.# #.##
##.............[...........# #.##
##.#.#####.#####.##.##.###.###.#.
.......>.........................
##.....###.#####.#####.#.........
...###.# #.#####.# #.#.#.###.#.
#### #.# #....##.# #...........


You could see an iguana.

Vanquished Creatures
  A phantom (D:4)
  2 scorpions (D:4)
  6 adders
  4 gnolls
  7 orcs
  10 endoplasms
  2 giant cockroaches
  10 goblins
  7 hobgoblins
  A jackal (D:4)
  8 kobolds
  6 quokkas
  8 ball pythons
  4 bats
  3 frilled lizards
  5 rats
84 creatures vanquished.

Notes
Turn   | Place    | Note
-------+----------+-------------------------------------------
     0 | D:1      | lessens the Draconian Monk began the quest for the Orb.
     0 | D:1      | Reached XP level 1. HP: 19/19 MP: 1/1
   226 | D:1      | Reached XP level 2. HP: 26/26 MP: 2/2
   311 | D:1      | Reached skill level 4 in Polearms
   471 | D:1      | Reached XP level 3. HP: 27/31 MP: 3/3
   846 | D:2      | Found a sparkling altar of Nemelex Xobeh.
  1029 | D:2      | Reached skill level 5 in Polearms
  1029 | D:2      | Reached XP level 4. HP: 34/38 MP: 4/4
  1708 | D:3      | Reached XP level 5. HP: 35/45 MP: 5/5
  2452 | D:4      | Reached skill level 6 in Polearms
  2551 | D:4      | Noticed a phantom
  2585 | D:4      | Killed a phantom
  2764 | D:4      | Reached skill level 7 in Polearms
  2764 | D:4      | Reached XP level 6. HP: 51/51 MP: 6/6
  2867 | D:4      | Found a hazy altar of Hepliaklqana.
  2868 | D:4      | Found a faded altar of an unknown god.
  2868 | D:4      | Noticed Sigmund
  2913 | D:4      | Found a bloodstained altar of Trog.
  2929 | D:4      | Became a worshipper of Trog the Wrathful
  2929 | D:4      | Reached * piety under Trog
  2929 | D:4      | Reached ** piety under Trog
  3549 | D:5      | Entered Level 5 of the Dungeon
  3549 | D:5      | Found a blossoming altar of Fedhas.
  3549 | D:5      | Found a basalt altar of Yredelemnul.
  3551 | D:5      | Found a glowing silver altar of Zin.
  3592 | D:4      | Mangled by an iguana

Illustrated notes

Levels and vault maps discovered:
D:1:      eino_arrival_tree_alley, layout_basic, minmay_tall_x
D:2:      layout_basic, basic_altar, st_stairs_12, minmay_pentomino_x2
D:3:      layout_loops_ring, minivault_11
D:4:      layout_basic, trog_hazing_becter, beargit_hepliaklqana_dungeon_heroes
D:5:      layout_rooms, nicolae_ru_path_of_blood, vehumet_crystals,
          grunt_temple_overflow_open, lemuel_doored_altar,
          minmay_temple_entry_wispy, uniq_prince_ribbit1

Skill      XL: |  1  2  3  4  5 |
---------------+----------------+-----
Polearms       | 4 5 7 |  7.4
Fighting       | |  3.2
Dodging        | |  2.6
Stealth        | |  1.7

Action                   |  1- 3 |  4- 6 || total
-------------------------+-------+-------++-------
Melee: Spear             |   132 |   283 ||   415
       Tailslap          |    17 |    23 ||    40
       Punch             |       |     3 ||     3
Throw: Stone             |     4 |     7 ||    11
       Javelin           |       |     8 ||     8
 Stab: Sleeping          |     5 |     4 ||     9
Armor: Skin              |    20 |    78 ||    98
Dodge: Dodged            |    71 |   126 ||   197

Table legend: (Time is in decaauts)
 A = Elapsed time spent in this place.
 B = Non-inter-level travel time spent in this place.
 C = Inter-level travel time spent in this place.
 D = Time resting spent in this place.
 E = Time spent auto-exploring this place.
 F = Levels seen in this place.
 G = Mean time per level.
                   A        B        C        D        E       F      G
               +--------+--------+--------+--------+--------+-----+--------+
         Total |   3525 |   3386 |    139 |     45 |   2630 |   5 |  705.0 |
       Dungeon |   3525 |   3386 |    139 |     45 |   2630 |   5 |  705.0 |
               +--------+--------+--------+--------+--------+-----+--------+

Top non-repeatable levels by time:
     D:4: 1248 daAuts
     D:3: 774 daAuts
     D:2: 754 daAuts
     D:1: 734 daAuts
     D:5: 14 daAuts
